 Dungeon Crawl Stone Soup version 0.30.0-29-ga12c61a403 (webtiles) character file.

Game seed: 5271947094937155972

1722 DemonSlayer the Magician (level 8, 0/50 (54) HPs)
             Began as a Demonspawn Earth Elementalist on June 21, 2023.
             Was a Believer of Jiyva.
             Slain by a wight
             ... wielding a +5 spear
              (6 damage)
             ... on level 8 of the Dungeon.
             The game lasted 00:17:56 (6890 turns).

DemonSlayer the Magician (DsEE)                     Turns: 6890, Time: 00:17:58

HP:   0/50 (54)     AC:  3    Str:  9    XL:     8   Next: 75%
MP:   17/18         EV: 12    Int: 17    God:    Jiyva [**....]
Gold: 79            SH:  0    Dex: 15    Spells: 7/20 levels left

rFire   . . .        g - +7 dagger (elec)
rCold   . . .        (no shield)
rNeg    . . .        v - +0 leather armour
rPois   .            (helmet restricted)
rElec   .            (no cloak)
rCorr   +            (no gloves)
SInv    .            (no boots)
Will    .....        f - amulet of the acrobat
Stlth   ++           (no ring)
HPRegen 2.24/turn    (no ring)
MPRegen 0.46/turn

%: acrobat
@: drained
A: hooves 1, horns 1, powered by death 1, demonic magic 1
a: Renounce Religion


You were on level 8 of the Dungeon.
You worshipped Jiyva.
Jiyva was pleased with you.
You visited 1 branch of the dungeon, and saw 7 of its levels.
You also visited: Sewer.

You collected 206 gold pieces.
You spent 127 gold pieces at shops.

Inventory:

Hand Weapons
 g - a +7 dagger of electrocution (weapon)
Missiles
 b - 3 curare-tipped darts
 w - 2 throwing nets
Armour
 p - a +3 scale mail of cold resistance
 v - a +0 leather armour (worn)
Jewellery
 f - an amulet of the acrobat (around neck)
 t - a ring of magical power
Wands
 a - a wand of flame (14)
Scrolls
 c - 5 scrolls of enchant armour
 k - a scroll of identify
 n - 3 scrolls of teleportation
 r - 2 scrolls of summoning
 s - a scroll of amnesia
 u - a scroll of immolation
Potions
 d - 2 potions of resistance
 e - a potion of attraction
 h - a potion of heal wounds
 i - 3 potions of curing
 j - 2 potions of mutation
 l - 2 potions of haste
 m - 2 potions of berserk rage {unknown}
 o - 2 potions of might {unknown}
 q - a potion of lignification {unknown}


   Skills:
 + Level 1.3 Fighting
 + Level 1.5 Short Blades
 + Level 3.0 Armour
 + Level 2.7 Dodging
 + Level 3.2 Stealth
 + Level 6.8 Spellcasting
 + Level 0.8 Transmutations
 + Level 6.4 Earth Magic


You had 7 spell levels left.
You knew the following spells:

 Your Spells              Type           Power      Damage    Failure   Level
a - Sandblast             Erth           54%        2d13      1%          1
b - Passwall              Tmut/Erth      15%        N/A       5%          2
c - Stone Arrow           Conj/Erth      32%        3d9       13%         3
d - Petrify               Tmut/Erth      18%        N/A       34%         4
e - Swiftness             Air            5%         N/A       43%         3

Your spell library contained the following spells:

 Spells                   Type           Power      Damage    Failure   Level
 Shock                    Conj/Air       20%        1d4       16%         1
 Airstrike                Air            2%         2d(1-17)  85%         4
 Manifold Assault         Tloc           5%         N/A       85%         4
 Dispersal                Tloc           2%         N/A       100%        6
 Disjunction              Tloc           2%         N/A       100%        8


Dungeon Overview and Level Annotations

Branches:
Dungeon (6/15)              Sewer (visited)
 Temple: D:4-7

Altars:
Cheibriados
Ru

Shops:
D:5 !**


Innate Abilities, Weirdness & Mutations

You have large cloven feet.
You have a pair of small horns on your head.
You regenerate a little health from kills.
Spells you cast may paralyse adjacent enemies.


Message History

The blast of sand hits the wight but does no damage.
The wight is moderately damaged.
Malevolent energies surge around you.
The wight suddenly stops moving!
The helpless wight fails to defend itself.
You puncture the wight!
You destroy the wight!
You can't see any susceptible monsters within range! (Use Z to cast anyway.)
A wolf is nearby!
The blast of sand hits the wolf!
The wolf is heavily wounded.
The wolf howls!
Malevolent energies surge around you. The wolf bites you but does no damage.
The wolf closely misses you.
The blast of sand hits the wolf!
You kill the wolf!
Malevolent energies surge around you.
You hear a distant slurping noise.
The blast of sand hits the kobold!
You kill the kobold!
Malevolent energies surge around you.
You see here a +0 whip.
The blast of sand hits the wight but does no damage.
Malevolent energies surge around you. The wight hits you with a +4 falchion.
You feel drained. The wight hits you with a +4 falchion.
The wight barely misses you.
The blast of sand hits the wight!
The wight is heavily damaged.
Malevolent energies surge around you. The wight misses you.
The wight hits you with a +4 falchion!
The blast of sand hits the wight.
The wight is severely damaged.
Malevolent energies surge around you.
The wight suddenly stops moving!
The wight hits you from afar with a +5 spear! x2
The helpless wight fails to defend itself.
You puncture the wight!
You destroy the wight!
The wight hits you from afar with a +5 spear!
* * * LOW HITPOINT WARNING * * *
You feel drained.
You die...

#.. #.# # ##.# #
. .
##..#####.##.#
#.
##...##........
#.###.....#.##.#
...##.........#
#.#.###.###.####
#....@).....#
###.###z##### #.
#[# .. #.zz#
####g....#
#g...KK.#
#.g..KK....
.)....z......
#..............


You could see a wight.

Vanquished Creatures
  2 orc warriors (D:6)
  3 ogres (D:5)
  2 wolves (D:8)
  A phantom (D:5)
  2 bullfrogs (D:8)
  A gnoll sergeant (D:8)
  2 wights (D:8)
  3 hounds
  2 jellies (Sewer)
  2 orc priests
  A sleepcap (D:6)
  Jessica (D:3)
  3 iguanas (D:5)
  3 orc wizards
  16 gnolls
  A river rat (Sewer)
  7 adders
  An ufetubus (D:5)
  3 worms
  4 dart slugs
  11 orcs
  15 ball pythons
  4 bats
  13 endoplasms
  6 giant cockroaches
  13 goblins
  8 hobgoblins
  6 jackals
  3 quokkas
  6 frilled lizards
  8 kobolds
  6 rats
159 creatures vanquished.

Vanquished Creatures (collateral kills)
  A hound (D:4)
1 creature vanquished.

Vanquished Creatures (others)
  2 jellies
2 creatures vanquished.

Grand Total: 162 creatures vanquished

Notes
Turn   | Place    | Note
-------+----------+-------------------------------------------
     0 | D:1      | DemonSlayer the Demonspawn Earth Elementalist began the
                  | quest for the Orb.
     0 | D:1      | Reached XP level 1. HP: 13/13 MP: 3/3
   233 | D:1      | Gained mutation: You regenerate a little health from kills.
                  | [demonic ancestry]
   233 | D:1      | Reached XP level 2. HP: 19/19 MP: 1/5
   532 | D:1      | Discovered your monstrous ancestry.
   532 | D:1      | Gained mutation: You have large cloven feet. [demonic
                  | ancestry]
   532 | D:1      | Reached XP level 3. HP: 13/24 MP: 0/6
  1098 | D:1      | Learned a level 2 spell: Passwall
  1102 | D:1      | Learned a level 3 spell: Stone Arrow
  1490 | D:2      | Reached XP level 4. HP: 30/30 MP: 5/8
  1521 | D:2      | Reached skill level 1 in Short Blades
  1953 | D:3      | Reached XP level 5. HP: 12/35 MP: 0/9
  2353 | D:3      | Noticed Jessica
  2367 | D:3      | Killed Jessica
  2472 | D:3      | Learned a level 4 spell: Petrify
  2573 | D:4      | Found a sacrificial altar of Ru.
  2617 | D:3      | Reached skill level 1 in Armour
  2758 | D:4      | Gained mutation: You have a pair of small horns on your
                  | head. [demonic ancestry]
  2758 | D:4      | Reached XP level 6. HP: 5/42 MP: 6/11
  3178 | D:4      | Found a glowing drain.
  3185 | Sewer    | Entered a sewer
  3469 | Sewer    | Found a viscous altar of Jiyva.
  3523 | Sewer    | Became a worshipper of Jiyva Joffot the Shapeless
  4086 | D:4      | Reached * piety under Jiyva
  4791 | D:5      | Entered Level 5 of the Dungeon
  4804 | D:5      | Reached XP level 7. HP: 47/47 MP: 9/14
  5272 | D:4      | You fall into a shaft and drop 1 floor!
  5273 | D:5      | Found Mineczy's General Store.
  5274 | D:5      | Found Ikaynkaf's Specific Store.
  5281 | D:5      | Bought 4 curare-tipped darts for 62 gold pieces
  5281 | D:5      | Bought a potion of heal wounds for 65 gold pieces
  5353 | D:5      | Reached skill level 5 in Earth Magic
  5375 | D:5      | Reached skill level 5 in Spellcasting
  5390 | D:5      | Reached skill level 1 in Fighting
  5599 | D:5      | Found Kufaul's Distillery.
  5670 | D:5      | Learned a level 3 spell: Swiftness
  5684 | D:6      | Found a snail-covered altar of Cheibriados.
  6047 | D:6      | Gained mutation: Spells you cast may paralyse adjacent
                  | enemies. [demonic ancestry]
  6047 | D:6      | Reached XP level 8. HP: 48/54 MP: 12/16
  6810 | D:6      | You fall into a shaft and drop 2 floors!
  6817 | D:8      | Reached ** piety under Jiyva
  6852 | D:8      | Noticed a troll
  6890 | D:8      | Slain by a wight

Illustrated notes

Levels and vault maps discovered:
D:1:      amcnicky_arrival_feature_with_door, layout_basic,
          corexii_corridor_pit, supply_closet_lemuel
D:2:      layout_basic
D:3:      layout_rooms, uniq_jessica
D:4:      layout_layer_cave, nicolae_ru_the_path_less_chosen,
          portal_sewer_entry_e
D:5:      layout_rooms, serial_shops, nicolae_shop_pleasant_corner_grove,
          nicolae_specific_store
D:6:      layout_basic, lemuel_crystal_altar, kennysheep_little_box,
          minmay_temple_entry_from_below_a, kennysheep_pointless_box
D:8:      wad_statue_garden, layout_loops_corners, okawaru_humans,
          erik_lair_island, uniq_joseph

Skill      XL: |  1  2  3  4  5  6  7  8 |
---------------+-------------------------+-----
Earth Magic    | 3 4 5 6 |  6.4
Stealth        | 2 3 |  3.2
Short Blades   | 1 |  1.5
Spellcasting   | 3 4 5 6 |  6.8
Dodging        | 2 |  2.7
Armour         | 1 2 3 |  3.0
Fighting       | 1 |  1.3
Transmutations | |  0.8

Action                     |  1- 3 |  4- 6 |  7- 9 || total
---------------------------+-------+-------+-------++-------
  Melee: Dagger            |    27 |    43 |    12 ||    82
         Kick              |     4 |     8 |     1 ||    13
         Headbutt          |       |     1 |       ||     1
         Punch             |       |     1 |       ||     1
  Throw: Dart              |       |       |     2 ||     2
   Cast: Sandblast         |    45 |    87 |    96 ||   228
    Use: Scroll            |    10 |    10 |     3 ||    23
         Potion            |     1 |     4 |     2 ||     7
   Stab: Sleeping          |     3 |     4 |       ||     7
         Paralysed         |       |       |     9 ||     9
 Armour: Robe              |     7 |     3 |       ||    10
         Scale mail        |       |    85 |     9 ||    94
         Leather armour    |       |       |     1 ||     1
  Dodge: Dodged            |    40 |    86 |    59 ||   185
